Map: Ruins of Seras

Players

SolaCe (Nina) - Winner!

  • Race: Protoss Protoss
  • League: Master

NightEnD

  • Race: Protoss Protoss
  • League: Master

Event: ASL Season 5 Prime League LOTV Beta

VOD

http://www.dingit.tv/channel/ASL/1067977

Description

Time

  • Played on: Oct. 1, 2015, 10:34 p.m.
  • Length: 18:57

All games in this series

Show
View Real Time Build Order
Export as new Build Order

SolaCe Protoss - Winner!

Build Orders: Oracle Opening, Blink Stalkers 

Get SALT Encoding   

  12  0:00  Probe (Chrono Boost)  
  13  0:10  Probe (Chrono Boost)  
  14  0:19  Pylon  
  14  0:22  Probe (Chrono Boost)  
  15  0:37  Probe (Chrono Boost)  
  15  0:38  Gateway  
  16  0:47  Probe (Chrono Boost)  
  16  0:49  Assimilator  
  17  0:51  Assimilator  
  17  0:57  Probe (Chrono Boost)  
  18  1:07  Probe (Chrono Boost)  
  19  1:17  Probe (Chrono Boost)  
  20  1:26  Cybernetics Core  
  20  1:27  Probe (Chrono Boost)  
  21  1:37  Probe (Chrono Boost)  
  21  1:39  Pylon  
  22  1:47  Probe (Chrono Boost)  
  23  1:57  Warp Gate (Chrono Boost)  
  23  1:58  Pylon  
  24  2:02  Mothership Core (Chrono Boost)  
  24  2:03  Adept  
  27  2:19  Stargate  
  27  2:23  Probe  
  28  2:35  Probe  
  29  2:47  Nexus  
  29  2:48  Probe  
  30  2:56  Pylon  
  30  3:00  Probe  
  30  3:02  Oracle (Chrono Boost)  
  34  3:12  Probe  
  35  3:20  Twilight Council  
  35  3:24  Probe  
  36  3:27  Sentry  
  36  3:32  Gateway  
  36  3:42  Gateway  
  36  3:50  Probe, Blink (Chrono Boost)  
  37  3:59  Probe  
  37  4:02  Probe  
  39  4:09  Probe  
  39  4:14  Probe  
  39  4:16  Sentry  
  43  4:19  Probe  
  44  4:26  Probe  
  44  4:27  Pylon  
  44  4:29  Probe  
  45  4:38  Probe  
  47  4:39  Probe  
  48  4:49  Stalker, Gateway x2  
  48  4:50  Stalker  
  48  4:52  Probe  
  53  4:58  Probe  
  53  5:00  Robotics Facility  
  53  5:05  Probe, Pylon  
  55  5:09  Probe  
  56  5:18  Stalker x2  
  56  5:20  Probe  
  61  5:23  Assimilator x2  
  61  5:29  Probe  
  61  5:30  Pylon  
  62  5:39  Probe  
  63  5:49  Nexus  
  63  5:50  Adept  
  63  5:52  Probe  
  63  5:54  Probe  
  67  5:57  Robotics Bay  
  67  6:02  Pylon  
  67  6:04  Probe  
  67  6:05  Probe  
  67  6:11  Observer (Chrono Boost)  
  69  6:15  Stalker x3  
  76  6:19  Pylon  
  76  6:26  Pylon  
  76  6:27  Sentry  
  76  6:32  Stalker  
  80  6:34  Pylon  
  80  6:39  Pylon  
  80  6:41  Pylon  
  80  6:42  Adept  
  80  6:43  Adept x2  
  86  6:50  Probe  
  87  6:55  Disruptor (Chrono Boost)  
  87  6:59  Probe  
  92  7:06  Stalker x2  
  95  7:10  Pylon  
  95  7:18  Stalker x2  
  99  7:27  Probe  
  99  7:29  Probe  
  102  7:31  Gateway  
  102  7:33  Gateway  
  101  7:39  Stalker x2  
  101  7:40  Stalker  
  101  7:41  Forge  
  105  7:48  Warp Prism (Chrono Boost)  
  105  7:49  Probe  
  105  7:50  Probe  
  108  7:51  Probe  
  108  7:53  Assimilator  
  108  7:54  Assimilator  
  110  7:58  Stalker x2  
  110  8:03  Adept x2  
  116  8:14  Photon Cannon  
  116  8:20  Probe  
  116  8:22  Probe, Disruptor (Chrono Boost)  
  121  8:39  Protoss Ground Weapons Level 1 (Chrono Boost)  
  121  8:45  Gateway x2  
  121  8:51  Disruptor (Chrono Boost)  
  124  9:05  Adept x5  
  127  9:18  Probe  
  127  9:20  Probe  
  127  9:24  Shield Upgrade  
  125  9:25  Adept x2  
  125  9:26  Adept x3  
  125  9:31  Nexus  
  131  9:32  Disruptor (Chrono Boost)  
  134  9:49  Stalker x5  
  144  10:02  Disruptor (Chrono Boost)  
  147  10:10  Stalker  
  149  10:14  Pylon  
  149  10:16  Pylon  
  149  10:26  Protoss Ground Weapons Level 2 (Chrono Boost)  
  145  10:32  Adept x2  
  145  10:33  Adept x4  
  155  10:38  Probe  
  155  10:42  Disruptor  
  158  10:48  Probe  
  158  10:51  Fleet Beacon  
  158  10:52  Stargate  
  156  10:59  Probe  
  156  11:01  Probe  
  158  11:09  Oracle (Chrono Boost)  
  158  11:13  Pylon  
  158  11:14  Pylon  
  161  11:19  Pylon  
  161  11:22  Adept x5  
  171  11:27  Disruptor  
  171  11:32  Assimilator  
  174  11:33  Assimilator  
  168  12:14  Stalker x6  
  168  12:15  Stalker x3  
  186  12:30  Photon Cannon  
  186  12:35  Photon Cannon  
  185  12:41  Tempest (Chrono Boost)  
  185  12:44  Disruptor (Chrono Boost)  
  179  13:01  Stalker  
  181  13:14  Disruptor (Chrono Boost)  
  184  13:30  Nexus  
  184  13:39  Stalker x4  
  192  13:43  Disruptor (Chrono Boost)  
  195  13:51  Adept x4  
  197  14:12  Disruptor (Chrono Boost)  
  193  14:23  Stalker x4  
  193  14:24  Stalker x2  
  189  14:54  Disruptor (Chrono Boost)  
  189  14:58  Probe, Adept  
  189  14:59  Adept x5  
  196  15:00  Probe  
  196  15:04  Probe  
  182  15:23  Warp Prism (Chrono Boost)  
  173  15:40  Stalker  
  173  15:41  Stalker x5  
  182  15:43  Tempest (Chrono Boost)  
  182  15:47  Pylon  
  182  15:48  Pylon  
  186  15:52  Disruptor (Chrono Boost)  
  186  15:56  Protoss Ground Weapons Level 3 (Chrono Boost)  
  189  15:57  Assimilator  
  189  16:02  Assimilator  
  181  16:12  Stalker  
  181  16:13  Stalker  
  185  16:24  Observer  
  185  16:28  Photon Cannon x2  
  186  16:33  Photon Cannon  
  186  16:34  Photon Cannon  
  186  16:36  Tempest (Chrono Boost)  
  186  16:37  Photon Cannon  
  190  16:45  Probe, Adept x2, Disruptor  
  190  16:46  Adept  
  199  16:47  Probe x2  
  195  16:56  Probe  
  172  17:09  Stalker x3  
  172  17:11  Probe  
  179  17:22  Probe  
  179  17:24  Probe x2  
  179  17:25  Probe  
  177  17:39  Disruptor (Chrono Boost)  
  178  17:57  Tempest (Chrono Boost)  
  180  17:58  Probe  
  180  18:00  Probe x2  
  180  18:01  Probe  
  184  18:12  Probe  
  185  18:14  Observer (Chrono Boost)  
  182  18:20  Adept  
  182  18:21  Adept x4  
  182  18:24  Adept  
  191  18:35  Adept  
  191  18:37  Adept  
  195  18:41  Probe  
Show
View Real Time Build Order
Export as new Build Order

NightEnD Protoss 

Build Orders:  

Get SALT Encoding   

  12  0:00  Probe (Chrono Boost)  
  13  0:10  Probe (Chrono Boost)  
  14  0:19  Pylon  
  14  0:21  Probe (Chrono Boost)  
  15  0:37  Probe (Chrono Boost)  
  15  0:39  Gateway  
  16  0:47  Probe (Chrono Boost)  
  17  0:52  Assimilator  
  17  0:57  Probe (Chrono Boost)  
  17  0:58  Assimilator  
  18  1:07  Probe (Chrono Boost)  
  19  1:14  Gateway  
  19  1:16  Probe (Chrono Boost)  
  20  1:26  Probe (Chrono Boost)  
  20  1:27  Cybernetics Core  
  21  1:36  Pylon  
  21  1:37  Probe (Chrono Boost)  
  22  1:48  Probe (Chrono Boost)  
  24  2:03  Mothership Core (Chrono Boost)  
  24  2:06  Stalker x2  
  29  2:15  Pylon, Warp Gate (Chrono Boost)  
  29  2:21  Probe (Chrono Boost)  
  30  2:31  Probe (Chrono Boost)  
  30  2:36  Stalker  
  33  2:39  Stalker  
  35  2:46  Pylon  
  35  2:51  Probe (Chrono Boost)  
  36  3:05  Robotics Facility  
  36  3:31  Nexus  
  36  3:43  Pylon  
  36  3:50  Probe  
  36  3:52  Observer (Chrono Boost)  
  38  3:56  Pylon  
  38  4:02  Probe  
  39  4:10  Immortal (Chrono Boost)  
  39  4:14  Probe  
  44  4:17  Adept x2  
  48  4:31  Pylon  
  48  4:42  Immortal (Chrono Boost)  
  52  4:49  Adept x2  
  56  5:10  Adept x2  
  60  5:15  Immortal (Chrono Boost)  
  60  5:19  Probe (Chrono Boost)  
  60  5:20  Probe (Chrono Boost)  
  66  5:30  Probe x2 (Chrono Boost)  
  66  5:35  Adept x2  
  72  5:40  Pylon  
  72  5:41  Probe x2 (Chrono Boost)  
  74  5:45  Pylon  
  74  5:50  Probe (Chrono Boost)  
  74  5:51  Probe (Chrono Boost)  
  76  5:57  Adept  
  76  5:58  Adept  
  76  6:00  Probe (Chrono Boost)  
  76  6:01  Probe (Chrono Boost)  
  82  6:10  Probe x2 (Chrono Boost)  
  84  6:13  Forge  
  84  6:16  Twilight Council  
  84  6:20  Probe x2 (Chrono Boost)  
  86  6:30  Probe x2 (Chrono Boost)  
  88  6:40  Probe x2 (Chrono Boost)  
  88  6:46  Assimilator  
  90  6:47  Protoss Ground Weapons Level 1  
  90  6:48  Stargate  
  90  6:50  Probe x2 (Chrono Boost), Robotics Bay  
  90  6:51  Assimilator  
  92  6:58  Pylon  
  92  7:00  Probe x2 (Chrono Boost)  
  92  7:01  Pylon  
  94  7:16  Probe x2, Warp Prism  
  98  7:27  Gateway  
  98  7:29  Gateway  
  98  7:31  Gateway  
  98  7:33  Pylon  
  98  7:34  Pylon  
  98  7:35  Phoenix  
  100  7:39  Gravitic Drive  
  100  7:42  Shield Upgrade (Chrono Boost)  
  100  7:50  Disruptor (Chrono Boost)  
  103  8:00  Nexus  
  103  8:09  Adept x2  
  105  8:23  Disruptor (Chrono Boost)  
  108  8:28  Gateway, Adept x2  
  108  8:30  Protoss Ground Weapons Level 2  
  108  8:31  Gateway  
  112  8:40  Adept x3  
  118  8:46  Pylon  
  118  8:47  Pylon  
  118  8:49  Pylon  
  118  8:51  Pylon  
  118  8:52  Disruptor (Chrono Boost)  
  121  9:04  Adept  
  121  9:05  Adept x4  
  127  9:21  Disruptor (Chrono Boost)  
  126  9:30  Adept x5  
  126  9:49  Nexus  
  126  9:58  Blink  
  126  10:17  Adept x2  
  126  10:18  Adept x4  
  138  10:24  Disruptor (Chrono Boost)  
  130  10:35  Pylon  
  130  10:36  Pylon  
  130  10:38  Pylon  
  118  10:54  Disruptor (Chrono Boost)  
  121  11:05  Adept x4  
  121  11:06  Adept x3  
  135  11:14  Templar Archives  
  135  11:18  Assimilator  
  135  11:19  Assimilator  
  135  11:23  Disruptor (Chrono Boost)  
  136  11:30  Protoss Ground Weapons Level 3  
  134  11:56  Stalker x6  
  134  11:57  Stalker  
  148  12:14  Disruptor (Chrono Boost)  
  151  12:33  Adept  
  151  12:36  Stalker x4  
  151  12:37  Stalker x2  
  163  12:44  Disruptor (Chrono Boost)  
  160  13:15  Adept x6  
  160  13:16  Adept, Disruptor (Chrono Boost)  
  172  13:41  Adept x6  
  164  13:42  Adept  
  164  13:46  Disruptor (Chrono Boost)  
  173  14:06  Stalker x2  
  173  14:07  Stalker x5  
  177  14:16  Observer (Chrono Boost)  
  160  14:32  Disruptor (Chrono Boost)  
  160  14:36  Adept x3  
  160  14:37  Adept x4  
  134  15:01  Disruptor (Chrono Boost)  
  134  15:05  Adept x6  
  134  15:06  Adept  
  141  15:32  Disruptor (Chrono Boost)  
  144  15:38  Adept x7  
  158  15:46  Nexus  
  150  16:15  Disruptor (Chrono Boost)  
  153  16:31  Adept x2  
  153  16:32  Adept x5  
  167  16:44  Disruptor (Chrono Boost)  
  125  17:12  Adept x3  
  125  17:13  Stalker x2, Adept x2, Disruptor (Chrono Boost)  
  125  17:42  Disruptor (Chrono Boost)  
  128  17:45  Adept x3  
  128  17:46  Adept x4  
  129  18:12  Observer (Chrono Boost)  
  129  18:13  Adept  
  129  18:14  Adept x6  
Tags
 
Add a new tag
Caveats
  • Supply blocks, unpowered buildings, or Contaminate may cause inaccurate times.
  • Supply counts are checked every 10 seconds.